 Dungeon Crawl Stone Soup version 0.20-a0-899-g09a9bfb (webtiles) character file.

737 Fabin the Slasher (level 7, -1/94 HPs)
             Began as a Minotaur Berserker on Mar 4, 2017.
             Was a Priest of Trog.
             Slain by an orc warrior
             ... wielding a +0 trident
              (6 damage)
             ... on level 5 of the Dungeon on Mar 18, 2017.
             The game lasted 00:50:53 (6145 turns).

Fabin the Slasher (Minotaur Berserker)              Turns: 6145, Time: 00:50:54

Health: -1/94      AC: 23    Str: 28    XL:     7   Next: 46%
Magic:  6/6        EV:  2    Int:  4    God:    Trog [***...]
Gold:   261        SH:  0    Dex: 10    Spells: 6/6 levels left

rFire    + . .     SeeInvis .   a - +0 falchion
rCold    + . .     Gourm    .   (armour currently unavailable)
rNeg     + + +     Faith    .   (no shield)
rPois    +         Spirit   .   (helmet currently unavailable)
rElec    +         Reflect  .   (cloak currently unavailable)
rCorr    +         Harm     .   (gloves currently unavailable)
MR       .....     NoTele   +   (boots currently unavailable)
Stlth    ++........             (no amulet)
Regen    0.3/turn               (no ring)
MPRegen  0.1/turn               (no ring)

@: mighty, tree-form, resistant
A: (retaliatory headbutt), (horns 0)
a: Berserk, Trog's Hand, Burn Spellbooks, Renounce Religion


You were on level 5 of the Dungeon.
You worshipped Trog.
Trog was most pleased with you.
You were not hungry.
You were a tree.
You visited 2 branches of the dungeon, and saw 6 of its levels.

You collected 261 gold pieces.

Inventory:

Hand Weapons
 a - a +0 falchion (weapon)
 k - a +0 hand axe
 o - a +0 short sword
 r - a +0 dagger
 s - a +0 dagger
 t - a +0 club
 v - a +0 club
 x - a +0 flail
 z - a +0 whip
 A - a +0 club
 B - a +0 hunting sling
 C - a +0 club
 N - a +0 short sword
 Q - a +0 war axe
 U - a -2 dagger
 V - a +0 hunting sling
 X - a +0 dagger
 Z - a cursed -2 dagger
Missiles
 h - 26 bolts
 n - 63 arrows
 q - 148 stones (quivered)
 M - 3 curare-tipped needles
 R - 25 sling bullets
Armour
 b - a +0 animal skin (melded)
 j - a +0 ring mail
 y - a +0 leather armour
 H - a +0 chain mail
 P - a +0 ring mail
 Y - a +0 pair of gloves
Scrolls
 e - a scroll of enchant armour {unknown}
 f - 2 scrolls of enchant weapon {unknown}
 g - a scroll of fog {unknown}
 i - 2 scrolls of remove curse
 l - 2 scrolls of identify {unknown}
 m - a scroll of blinking {unknown}
 p - a scroll of amnesia {unknown}
 w - 2 scrolls of immolation {unknown}
 F - 3 scrolls of teleportation {unknown}
 J - a scroll of recharging {unknown}
 O - 2 scrolls of fear {unknown}
 S - a scroll of magic mapping {unknown}
Potions
 d - a potion of lignification
 E - a potion of flight
Comestibles
 c - 2 chunks of flesh
 u - 2 fruits
 W - a royal jelly


   Skills:
 + Level 6.1 Fighting
 + Level 1.0(3.7) Short Blades
 + Level 6.4 Long Blades
 + Level 2.4(2.5) Axes
 + Level 1.0(1.9) Maces & Flails
 + Level 3.0 Armour
 + Level 4.6 Dodging
 + Level 2.0 Stealth


You had 6 spell levels left.
You didn't know any spells.

Dungeon Overview and Level Annotations

Branches:
Dungeon (5/15)             Temple (1/1) D:4

Altars:
Ashenzari
Cheibriados
Elyvilon
Fedhas
Gozag
Hepliaklqana
Makhleb
Nemelex Xobeh
Okawaru
Qazlal
Ru
Sif Muna
Trog
Uskayaw
Vehumet
Wu Jian
Xom
Yredelemnul
Zin
The Shining One

Shops:
D:5 =:%*


Innate Abilities, Weirdness & Mutations

((You reflexively headbutt those who attack you in melee.))
((You have a pair of horns on your head.))


Message History

The orc hits you but does no damage. x2
It was a potion of might.
You feel very mighty all of a sudden.
The orc warrior hits you but does no damage.
The orc hits you but does no damage.
You closely miss the orc warrior.
The orc warrior is severely wounded.
The orc hits you but does no damage.
The orc warrior hits you with a trident.
* * * LOW HITPOINT WARNING * * *
The orc barely misses you.
You riposte.
You barely miss the orc. You closely miss the orc warrior.
The orc warrior is severely wounded.
The orc hits you but does no damage. x2
The orc warrior hits you but does no damage.
You completely miss the orc warrior.
The orc warrior is severely wounded.
The orc hits you but does no damage. x2
The orc warrior hits you with a trident.
You die...

.##..#..## ........#
#.##...## ........#
#.##...## #.##.o..######
#o###......... #o#
#..###### #♣###..### ###
#ooo..∩..## ..#
#####.##§.### #.#
#.#≈≈.≈≈# #.# ### ###
#.#§#'#≈### #.# #.. ..#
#.#§#∩#≈..#### #.#
#.####.# #.#≈###≈......
#.# #....#.#
##.#≈≈≈≈≈#..... #.#
#.##.#.####....###.#.....


You could see an orc warrior, 2 orc priests and 2 orcs.

Vanquished Creatures
  A phantom (D:5)
  The ghost of JimDarkmagic the Grave Robber, an amateur DsNe (D:4)
  A centaur (D:5)
  A howler monkey (D:4)
  An orc priest (D:4)
  4 orc wizards
  A jelly (D:5)
  A bullfrog skeleton (D:5)
  2 iguanas (D:5)
  4 worker ants
  3 adders
  An ooze (D:1)
  A dart slug (D:1)
  19 orcs
  A ball python (D:4)
  2 giant cockroaches
  4 goblins
  5 hobgoblins
  11 jackals
  A kobold (D:1)
  5 quokkas
  5 bats
  7 frilled lizards
  8 rats
90 creatures vanquished.

Notes
Turn   | Place    | Note
-------+----------+-------------------------------------------
     0 | D:1      | Fabin the Minotaur Berserker began the quest for the Orb.
     0 | D:1      | Reached XP level 1. HP: 19/19 MP: 0/0
   333 | D:1      | Reached XP level 2. HP: 27/27 MP: 1/1
   960 | D:2      | Reached XP level 3. HP: 28/33 MP: 2/2
  1328 | D:2      | Reached ** piety under Trog
  1396 | D:2      | Found a sparkling altar of Nemelex Xobeh.
  1434 | D:2      | Upgraded the game from 0.20-a0-823-gdec668e to 0.20-a0-892-gbf43aa3
  1948 | D:3      | Found a shattered altar of Ashenzari.
  1951 | D:3      | Reached XP level 4. HP: 39/41 MP: 3/3
  1969 | D:3      | Found a stormy altar of Qazlal.
  1972 | D:3      | Found a white marble altar of Elyvilon.
  1989 | D:3      | Found an opulent altar of Gozag.
  2032 | D:3      | Found a sacrificial altar of Ru.
  2593 | D:4      | Reached skill level 5 in Fighting
  2593 | D:4      | Reached skill level 1 in Axes
  2593 | D:4      | Reached skill level 1 in Stealth
  2593 | D:4      | Reached XP level 5. HP: 28/48 MP: 4/4
  2760 | D:4      | Noticed JimDarkmagic's ghost (amateur DsNe)
  2783 | D:4      | Killed JimDarkmagic's ghost
  3329 | D:4      | Reached XP level 6. HP: 40/56 MP: 5/5
  3453 | D:4      | Upgraded the game from 0.20-a0-892-gbf43aa3 to 0.20-a0-899-g09a9bfb
  3599 | D:4      | Reached skill level 1 in Maces & Flails
  4192 | D:4      | Found a staircase to the Ecumenical Temple.
  4202 | Temple   | Entered the Ecumenical Temple
  4587 | D:5      | Entered Level 5 of the Dungeon
  4598 | D:5      | Found Azxaraats's Jewellery Emporium.
  4615 | D:5      | Reached *** piety under Trog
  4615 | D:5      | Reached skill level 5 in Long Blades
  5143 | D:5      | Reached skill level 1 in Short Blades
  5504 | D:5      | Reached XP level 7. HP: 49/63 MP: 6/6
  5956 | D:5      | Found Quca's Assorted Antiques.
  6071 | D:5      | Found Dock's Book Shoppe.
  6090 | D:5      | Found Ykoky's Food Shop.
  6145 | D:5      | Slain by an orc warrior

Vault maps used:
D:1:      kilobyte_arrival_exit_the_forest
D:2:      nemelex_xobeh_ov_fountains_minmay, first_bread, minmay_tetromino_t2
D:3:      grunt_temple_overflow_cloverleaf, nicolae_ru_the_path_less_chosen
D:4:      lemuel_temple_firewalk_b
D:5:      serial_shops, kennysheep_mini_moat, shop_statue, shop_statue, shop,
          hangedman_abyss_or_decor_lesser_grid
Temple:   regret_index_temple_generic_petals

Skill      XL: |  1  2  3  4  5  6  7 |
---------------+----------------------+-----
Fighting       | 4 5 6 |  6.1
Long Blades    | 4 5 6 |  6.4
Armour         | 3 |  3.0
Dodging        | 3 4 |  4.6
Axes           | 1 2 |  2.4
Stealth        | 1 2 |  2.0
Maces & Flails | 1 |  1.0
Short Blades   | 1 |  1.0

Action                   |  1- 3 |  4- 6 |  7- 9 || total
-------------------------+-------+-------+-------++-------
Melee: Falchion          |    26 |    89 |    30 ||   145
       Headbutt          |    16 |    32 |     7 ||    55
       Club              |    17 |       |       ||    17
       War axe           |    11 |    15 |       ||    26
       Whip              |    11 |       |       ||    11
       Dagger            |       |    37 |       ||    37
Invok: Berserk           |     1 |       |       ||     1
  Use: Scroll            |       |     1 |       ||     1
       Potion            |       |     3 |     5 ||     8
  Eat: Chunk             |     4 |     7 |       ||    11
       Bread ration      |       |     1 |     1 ||     2
Armor: Animal skin       |    12 |    22 |     2 ||    36
       Skin              |       |       |    16 ||    16
Dodge: Dodged            |    65 |    86 |    23 ||   174
       Rpst.: Falchion   |     7 |    12 |     7 ||    26
